 Dungeon Crawl Stone Soup version 0.29.1-12-g30fa7ad0bf (webtiles) character file.

Game seed: 2197951158636584142

4195 cheesebisquit the Severer (level 10, -16/78 HPs)
             Began as a Minotaur Berserker on Dec 25, 2022.
             Was a Believer of Trog.
             Demolished by a shadow (21 damage)
             ... on level 9 of the Dungeon.
             The game lasted 00:26:12 (9290 turns).

cheesebisquit the Severer (Minotaur Berserker)      Turns: 9290, Time: 00:26:13

Health: -16/78     AC: 12    Str: 26    XL:     10   Next: 8%
Magic:  9/9        EV:  7    Int:  4    God:    Trog [**....]
Gold:   366        SH:  0    Dex: 10    Spells: 9/9 levels left

rFire   + . .      SeeInvis .   a - +2 hand axe (protect)
rCold   + . .      Faith    .   (no shield)
rNeg    . . .      Spirit   .   B - +0 plate armour
rPois   .          Reflect  .   (helmet restricted)
rElec   .          Harm     .   r - scarf {rC+ rF+}
rCorr   .          Rampage  .   y - +0 pair of gloves
Will    ++...                   (no boots)
Stlth   ..........              w - amulet of magic regeneration
HPRegen 1.23/turn               F - +4 ring of slaying
MPRegen 0.51/turn               (no ring)

@: lethally poisoned (-16 -> -17), strong-willed (expiring), on berserk
cooldown, regenerating (expiring), slowed, very slow
A: horns 2, retaliatory headbutt
a: Renounce Religion, Berserk, Trog's Hand


You were on level 9 of the Dungeon.
You worshipped Trog.
Trog was pleased with you.
You visited 1 branch of the dungeon, and saw 9 of its levels.

You collected 450 gold pieces.
You spent 84 gold pieces at shops.

Inventory:

Hand Weapons
 a - a +2 hand axe of protection (weapon)
 b - a +0 sling
 c - a +0 morningstar
Missiles
 j - 63 stones
 s - 11 poisoned darts (quivered)
 v - a throwing net
Armour
 r - a scarf of resistance (worn)
 y - a +0 pair of gloves (worn)
 B - a +0 plate armour (worn)
Jewellery
 w - an amulet of magic regeneration (around neck)
 F - a +4 ring of slaying (left hand)
Wands
 E - a wand of flame (1)
Scrolls
 e - 2 scrolls of teleportation
 f - a scroll of brand weapon
 i - a scroll of poison
 l - a scroll of fog
 n - 2 scrolls of magic mapping
 p - 2 scrolls of fear
 u - a scroll of acquirement {unknown}
 A - a scroll of amnesia {unknown}
 C - a scroll of silence {unknown}
 I - a scroll of enchant armour {unknown}
Potions
 g - a potion of invisibility
 k - 3 potions of attraction
 m - 2 potions of flight
 o - a potion of haste
 q - 2 potions of curing
 t - a potion of resistance
 x - 2 potions of might
 z - a potion of cancellation
 D - a potion of lignification


   Skills:
 - Level 4.0 Fighting
 + Level 17.1 Axes
 - Level 2.9 Armour
 - Level 2.6 Dodging


You had 9 spell levels left.
You didn't know any spells.
Your spell library was empty.

Dungeon Overview and Level Annotations

Branches:
Dungeon (9/15)             Temple (0/1) D:7
   Lair: D:8-11         Orc: D:9-12

Altars:
Elyvilon
Gozag
Nemelex Xobeh
Qazlal
Vehumet
Wu Jian
Yredelemnul

Shops:
D:4 :   D:8 *?

Annotations:
D:4 2 transporters
D:7 1 transporter


Innate Abilities, Weirdness & Mutations

You have a pair of horns on your head.
You reflexively headbutt those who attack you in melee.


Message History

You hit the great orb of eyes but do no damage.
You feel sick.
You miss the tengu warrior. You barely miss the great orb of eyes.
You feel sick. The tengu warrior closely misses you. You furiously retaliate!
You headbutt the tengu warrior! The tengu warrior pecks you.
* * * LOW HITPOINT WARNING * * *
The tengu warrior claws you but does no damage.
The great orb of eyes bites you!
* * * LOW HITPOINT WARNING * * *
You are too berserk!
You are no longer berserk.
You are exhausted.
You feel yourself slow down.
You feel very sick.
There is an open door, spattered with blood here.
Things that are here:
a howler monkey corpse; a howler monkey corpse Blink to where?
Press: ? - help, Dir - move target
As you read the scroll of blinking, it crumbles to dust.
* * * LOW HITPOINT WARNING * * *
You feel very sick.
As you read the scroll of teleportation, it crumbles to dust.
You feel strangely unstable.
You feel very sick.
You feel sick.
Your surroundings suddenly seem different.
A shadow comes into view.
Found a scroll of fear.
Found an escape hatch in the ceiling.
Found a stone staircase leading up.
You feel sick.
A killer bee comes into view. x2
The shadow slips into darkness.
The shadow flickers and vanishes!
Deactivating autopickup; reactivate with Ctrl-A.
You feel sick.
The killer bee buzzes angrily.
You feel the effects of Trog's Hand fading.
You feel sick.
The shadow strikes at you from the darkness!
You die...

#################
.........yy.....<
#.@.........
#..######### #..#
#..# #... ....
####. .#


You could see 2 killer bees.

Vanquished Creatures
  An ugly thing (D:9)
  Prince Ribbit (D:8)
  Grinder (D:5)
  A hornet (D:7)
  2 steam dragons
  An ice beast (D:5)
  2 orc warriors
  5 ogres
  A sky beast (D:7)
  3 bullfrogs
  A kobold brigand (D:5)
  2 gnoll sergeants
  3 scorpions
  3 necrophages
  A water moccasin zombie (D:6)
  4 wights
  A killer bee (D:9)
  6 howler monkeys
  A bullfrog zombie (D:6)
  A jelly (D:5)
  A centaur zombie (D:6)
  2 hounds (D:5)
  5 orc priests
  A bullfrog skeleton (D:6)
  5 iguanas
  4 orc wizards
  A killer bee zombie (D:6)
  9 gnolls
  6 adders
  2 white imps
  An ufetubus (D:5)
  2 worms
  3 dart slugs
  35 orcs
  4 ball pythons
  12 bats
  6 endoplasms
  5 giant cockroaches
  3 goblins
  6 hobgoblins
  2 jackals (D:4)
  7 kobolds
  2 quokkas
  2 frilled lizards (D:1)
  6 rats
173 creatures vanquished.

Vanquished Creatures (others)
  A howler monkey (D:8)
  3 plants (D:7)
  A withered plant (D:6)
5 creatures vanquished.

Grand Total: 178 creatures vanquished

Notes
Turn   | Place    | Note
-------+----------+-------------------------------------------
     0 | D:1      | cheesebisquit the Minotaur Berserker began the quest for
                  | the Orb.
     0 | D:1      | Reached XP level 1. HP: 19/19 MP: 0/0
   415 | D:1      | Reached XP level 2. HP: 24/27 MP: 1/1
   787 | D:1      | Reached skill level 4 in Axes
  1079 | D:1      | Reached XP level 3. HP: 32/33 MP: 2/2
  1419 | D:2      | Found a faded altar of an unknown god.
  1829 | D:2      | Reached ** piety under Trog
  2213 | D:3      | Reached skill level 5 in Axes
  2230 | D:3      | Reached XP level 4. HP: 40/40 MP: 3/3
  2737 | D:3      | Reached skill level 6 in Axes
  2742 | D:3      | Reached XP level 5. HP: 46/46 MP: 4/4
  3060 | D:3      | Found an ornate altar of the Wu Jian Council.
  3382 | D:4      | Found a radiant altar of Vehumet.
  3458 | D:4      | Found a transporter.
  3460 | D:4      | Noticed an orc warrior
  3462 | D:4      | Noticed a hornet
  3463 | D:4      | Found a transporter.
  3464 | D:4      | Found a basalt altar of Yredelemnul.
  3487 | D:4      | Reached skill level 7 in Axes
  3719 | D:4      | Noticed an ogre
  3730 | D:4      | Killed an ogre
  3731 | D:4      | Reached XP level 6. HP: 21/52 MP: 5/5
  3938 | D:4      | Reached skill level 8 in Axes
  4385 | D:4      | Found Cyuf's Book Emporium.
  4445 | D:4      | Found a white marble altar of Elyvilon.
  4657 | D:5      | Entered Level 5 of the Dungeon
  4657 | D:5      | Noticed Grinder
  4665 | D:5      | Killed Grinder
  4666 | D:5      | Reached skill level 9 in Axes
  4666 | D:5      | Reached XP level 7. HP: 59/59 MP: 6/6
  4762 | D:5      | Reached skill level 10 in Axes
  5131 | D:5      | Reached skill level 11 in Axes
  5345 | D:5      | Found an opulent altar of Gozag.
  5604 | D:5      | Reached XP level 8. HP: 62/66 MP: 7/7
  6103 | D:5      | Reached skill level 12 in Axes
  6563 | D:6      | Reached skill level 13 in Axes
  7345 | D:7      | Reached XP level 9. HP: 71/71 MP: 8/8
  7358 | D:7      | Reached skill level 14 in Axes
  7448 | D:7      | Found a sparkling altar of Nemelex Xobeh.
  7448 | D:7      | Found a transporter.
  7449 | D:7      | Noticed a gargoyle
  7555 | D:7      | Found a staircase to the Ecumenical Temple.
  7597 | D:7      | Identified the ring "Wuaxas" {rElec rN+ MP+9 Int-4}
  8147 | D:7      | Reached skill level 15 in Axes
  8599 | D:8      | Lost intelligence.
  8614 | D:8      | Found Feiteaf's General Store.
  8822 | D:8      | Found Yxidois's Magic Scroll Boutique.
  8838 | D:8      | Bought a scroll of identify for 28 gold pieces
  8838 | D:8      | Bought a scroll of identify for 28 gold pieces
  8838 | D:8      | Bought a scroll of identify for 28 gold pieces
  8995 | D:8      | Reached skill level 16 in Axes
  9057 | D:8      | Noticed Prince Ribbit
  9064 | D:8      | Killed Prince Ribbit
  9074 | D:8      | Found a stormy altar of Qazlal.
  9268 | D:9      | Noticed a great orb of eyes
  9268 | D:9      | Noticed a green ugly thing
  9268 | D:9      | Noticed a tengu warrior
  9276 | D:9      | Noticed a kobold demonologist
  9281 | D:9      | Killed a green ugly thing
  9282 | D:9      | Reached skill level 17 in Axes
  9282 | D:9      | Reached XP level 10. HP: 38/78 MP: 9/9
  9290 | D:9      | Demolished by a shadow

Illustrated notes

Levels and vault maps discovered:
D:1:      mrwooster_arrival_statue_2, layout_basic
D:2:      layout_basic, nicolae_ecumenical_pavilion
D:3:      layout_loops_ring, nicolae_wu_jian_immortal_techniques
D:4:      nicolae_cairo_tiling, layout_cave_pods,
          gammafunk_temple_overflow_arena, fiery_altar_vehumet,
          elyvilon_altar_1, serial_shops, nicolae_shop_hallway_stairs,
          item_on_display_a
D:5:      layout_gridville, amcnicky_altar_gilded,
          hangedman_decor_clover_reticule, kennysheep_dice, uniq_grinder
D:6:      layout_basic, serial_undead, serial_undead_e, serial_undead_f,
          serial_undead_d, serial_undead_d
D:7:      layout_layer_cave, grunt_nemelex_the_gamble,
          minmay_temple_entry_overgrown, st_stairs_4
D:8:      layout_cave_pools, nicolae_qazlal_scattered_showers, serial_shops,
          nicolae_shop_window_shopping, nicolae_diamond_shop,
          uniq_prince_ribbit1
D:9:      layout_long_grid, gammafunk_ghost_necromancy,
          hangedman_abyss_or_decor_lesser_grid, nicolae_rejected_hall

Skill      XL: |  1  2  3  4  5  6  7  8  9 |
---------------+----------------------------+-----
Fighting       | 4 |  4.0
Axes           | 4 5 6 7 9 11 13 17 | 17.1
Armour         | |  2.9
Dodging        | |  2.6

Action                   |  1- 3 |  4- 6 |  7- 9 | 10-12 || total
-------------------------+-------+-------+-------+-------++-------
Melee: Hand axe          |   112 |    73 |   259 |     2 ||   446
       Headbutt          |    12 |    13 |    50 |       ||    75
       Punch             |       |       |     2 |       ||     2
Invok: Berserk           |     1 |     2 |     6 |       ||     9
       Trog's Hand       |       |     1 |     6 |       ||     7
  Use: Scroll            |       |     7 |    13 |     2 ||    22
       Potion            |       |       |     1 |       ||     1
 Stab: Sleeping          |     3 |       |       |       ||     3
Armor: Animal skin       |    21 |       |       |       ||    21
       Ring mail         |    10 |    18 |       |       ||    28
       Chain mail        |       |       |     4 |       ||     4
       Plate armour      |       |       |   166 |     1 ||   167
Dodge: Dodged            |    62 |    41 |   112 |     1 ||   216
